 Dungeon Sprint DCSS version 0.30-a0-58-gc0703345a7 (webtiles) character file.

Game seed: 7953999578436274850

576 mhtbhm the Geomancer (level 7, -19/40 HPs)
             Began as a Gargoyle Earth Elementalist on Sept 11, 2022.
             Was the Champion of Vehumet.
             Demolished by a tyrant leech (24 damage)
             ... in the Dungeon (Sprint VII: "The Pits").
             The game lasted 00:03:41 (1540 turns).

mhtbhm the Geomancer (Gargoyle Earth Elementalist)  Turns: 1540, Time: 00:03:41

Health: -19/40     AC: 11    Str: 11    XL:     7   Next: 35%
Magic:  19/19      EV: 12    Int: 21    God:    Vehumet [******]
Gold:   0          SH:  0    Dex: 10    Spells: 9/24 levels left

rFire   . . .      SeeInvis .    c - +4 quarterstaff (spect)
rCold   . . .      Faith    .    (shield currently unavailable)
rNeg    + . .      Spirit   .    a - +0 robe
rPois   ∞          Reflect  .    (no helmet)
rElec   +          Harm     .    p - +0 cloak
rCorr   .          Rampage  .    (no gloves)
Will    .....      NoTele   +    o - +0 pair of boots
Stlth   ++........               (no amulet)
HPRegen 0.13/turn                g - +3 ring of protection
MPRegen 0.16/turn                m - +3 ring of intelligence

@: no status effects
A: sickness immunity, AC +4, negative energy resistance 1, electricity
resistance, torment resistance 1, petrification resistance
a: Renounce Religion


You were in the Dungeon.
You worshipped Vehumet.
Vehumet was exalted by your worship.
You visited 1 branch

Inventory:

Hand Weapons
 c - a +4 spectral quarterstaff (weapon)
Armour
 a - a +0 robe (worn)
 o - a +0 pair of boots (worn)
 p - a +0 cloak (worn)
Jewellery
 g - a +3 ring of protection (left hand)
 m - a +3 ring of intelligence (right hand)
Scrolls
 i - 5 scrolls of amnesia
 j - a scroll of summoning
Potions
 b - 4 potions of magic
 d - 15 potions of heal wounds
 e - a potion of haste
 f - 3 potions of berserk rage
 h - 2 potions of invisibility
 k - 6 potions of curing
 l - a potion of might
 n - a potion of mutation


   Skills:
 + Level 2.2 Fighting
 + Level 3.6 Dodging
 + Level 3.9 Stealth
 + Level 9.1 Spellcasting
 + Level 2.1 Conjurations
 + Level 1.0 Transmutations
 + Level 12.9 Earth Magic


You had 9 spell levels left.
You knew the following spells:

 Your Spells              Type           Power      Damage    Failure   Level
a - Sandblast             Erth           100%       2d20      1%          1
b - Passwall              Tmut/Erth      31%        N/A       1%          2
c - Stone Arrow           Conj/Erth      82%        3d12      1%          3
d - Petrify               Tmut/Erth      38%        N/A       4%          4
e - Lee's Rapid Deconstr  Erth           29%        3d16*     1%          5

Your spell library contained the following spells:

 Spells                   Type           Power      Damage    Failure   Level


Dungeon Overview and Level Annotations

Branches:
Dungeon (1/1)

Altars:
Ashenzari
Cheibriados
Dithmenos
Elyvilon
Fedhas
Gozag
Hepliaklqana
Kikubaaqudgha
Makhleb
Nemelex Xobeh
Okawaru
Qazlal
Ru
Sif Muna
Trog
Uskayaw
Vehumet
Wu Jian
Xom
Yredelemnul
Zin
The Shining One
Jiyva
Lugonu


Innate Abilities, Weirdness & Mutations

You are immune to sickness and miasma.
Your stone body is resilient. (AC +4)
You are immune to poison.
You resist negative energy. (rN+)
You are resistant to electric shocks. (rElec)
You are resistant to unholy torment.
You are immune to petrification.


Message History

Things that are here:
a +0 whip; a +0 flail
There is an open door here.
Items here: ))) [[.
You see here a +0 hand axe.
You see here a +0 club.
There is an open door here.
Welcome back, mhtbhm the Gargoyle Earth Elementalist.
Vehumet says: Let it end in hellfire!
Press ? for a list of commands and other information.
There is an open door here.
You see here a +0 club.
There is an open door here.
There is an open door to the Storerooms (Easy) here.
You see here a +0 flail.
You closely miss the tyrant leech.
Your +4 spectral quarterstaff hits the tyrant leech!
The tyrant leech bites you!
You sock the tyrant leech!
The tyrant leech is heavily wounded.
Your +4 spectral quarterstaff hits the tyrant leech!
The tyrant leech bites your +4 spectral quarterstaff!
Your spectral weapon shares its damage with you!
You barely miss the tyrant leech.
The tyrant leech is severely wounded.
Your +4 spectral quarterstaff hits the tyrant leech.
The tyrant leech bites your +4 spectral quarterstaff!
Your spectral weapon shares its damage with you!
Your +4 spectral quarterstaff fades away.
You hit the tyrant leech but do no damage.
The tyrant leech is severely wounded.
Your +4 spectral quarterstaff barely misses the tyrant leech.
The tyrant leech bites you!
* * * LOW HITPOINT WARNING * * *
You completely miss the tyrant leech.
The tyrant leech is severely wounded.
Your +4 spectral quarterstaff closely misses the tyrant leech.
The tyrant leech bites you!!
Ouch! That really hurt!
You die...

############ #_________.#
#_________.#
#_______...###########++#
##########'##............
#.?(.')))'.##......#..#..
##########.##..§.........
#...........').@w(.......
#'#####'#####..§...#..#..
#)#..#..#..##............
#.#..)..#))#####'#####+ #
#)#..####))##.......#
#.#..#†.#))##.......#
#.#..#..#[[##.......#
#.##)#).#'###...<...#
#.#........##.......#


You could see a tyrant leech and a friendly +4 spectral quarterstaff (summoned).

Vanquished Creatures
  A warg (D)
  An acid dragon (D)
  An orc warrior (D)
  A phantom (D)
  A scorpion (D)
  An orc priest (D)
  An iron imp (D)
  An orc wizard (D)
  A gnoll (D)
  An ufetubus (D)
  A worm (D)
  9 orcs (D)
  A giant cockroach (D)
  A goblin (D)
  A hobgoblin (D)
  4 jackals (D)
  3 kobolds (D)
  A bat (D)
  A quokka zombie (D)
32 creatures vanquished.

Notes
Turn   | Place    | Note
-------+----------+-------------------------------------------
     0 | D        | mhtbhm the Gargoyle Earth Elementalist began the quest for
                  | the Orb.
     0 | D        | Reached XP level 1. HP: 10/10 MP: 3/3
    15 | D        | Reached skill level 5 in Earth Magic
    15 | D        | Reached XP level 2. HP: 15/15 MP: 1/5
   126 | D        | Found a bloodstained altar of Trog.
   126 | D        | Found a shimmering blue altar of Sif Muna.
   126 | D        | Found a viscous altar of Jiyva.
   126 | D        | Found a hazy altar of Hepliaklqana.
   126 | D        | Found an opulent altar of Gozag.
   127 | D        | Found a glowing golden altar of the Shining One.
   127 | D        | Found a glowing silver altar of Zin.
   127 | D        | Found a basalt altar of Yredelemnul.
   127 | D        | Found a shimmering altar of Xom.
   127 | D        | Found an ornate altar of the Wu Jian Council.
   127 | D        | Found a sacrificial altar of Ru.
   127 | D        | Found a stormy altar of Qazlal.
   127 | D        | Found an iron altar of Okawaru.
   127 | D        | Found a sparkling altar of Nemelex Xobeh.
   127 | D        | Found a burning altar of Makhleb.
   127 | D        | Found a blossoming altar of Fedhas.
   127 | D        | Found a white marble altar of Elyvilon.
   127 | D        | Found a shadowy altar of Dithmenos.
   127 | D        | Found a snail-covered altar of Cheibriados.
   129 | D        | Found a radiant altar of Vehumet.
   129 | D        | Found a corrupted altar of Lugonu.
   130 | D        | Found a hide-covered altar of Uskayaw.
   130 | D        | Found an ancient bone altar of Kikubaaqudgha.
   130 | D        | Found a broken altar of Ashenzari.
   137 | D        | Became a worshipper of Vehumet
   177 | D        | Noticed a scorpion
   186 | D        | Killed a scorpion
   187 | D        | Reached skill level 8 in Earth Magic
   187 | D        | Reached XP level 3. HP: 10/19 MP: 5/8
   187 | D        | Reached XP level 4. HP: 13/24 MP: 6/10
   190 | D        | Learned a level 2 spell: Passwall
   194 | D        | Learned a level 3 spell: Stone Arrow
   199 | D        | Learned a level 4 spell: Petrify
   422 | D        | Reached * piety under Vehumet
   422 | D        | Offered knowledge of Foxfire by Vehumet.
   426 | D        | Reached ** piety under Vehumet
   478 | D        | Reached *** piety under Vehumet
   550 | D        | Reached **** piety under Vehumet
   551 | D        | Noticed a phantom
   554 | D        | Reached skill level 5 in Spellcasting
   554 | D        | Reached XP level 5. HP: 18/28 MP: 7/12
   557 | D        | Reached skill level 9 in Earth Magic
   558 | D        | Killed a phantom
   559 | D        | Reached skill level 1 in Fighting
   559 | D        | Reached skill level 10 in Earth Magic
   560 | D        | Reached ***** piety under Vehumet
   577 | D        | Offered knowledge of Searing Ray by Vehumet.
   578 | D        | Reached XP level 6. HP: 25/34 MP: 5/15
   655 | D        | Noticed a warg
   662 | D        | Killed a warg
   663 | D        | Reached skill level 1 in Conjurations
   663 | D        | Reached skill level 11 in Earth Magic
   802 | D        | Offered knowledge of Conjure Flame by Vehumet.
   905 | D        | Noticed an acid dragon
   908 | D        | Killed an acid dragon
   909 | D        | Reached skill level 1 in Transmutations
   909 | D        | Reached skill level 12 in Earth Magic
   909 | D        | Reached XP level 7. HP: 29/39 MP: 7/19
   987 | D        | Offered knowledge of Iskenderun's Mystic Blast by Vehumet.
  1152 | D        | Noticed a tyrant leech
  1152 | D        | Noticed a molten gargoyle
  1162 | D        | Offered knowledge of Lee's Rapid Deconstruction by Vehumet.
  1162 | D        | Reached ****** piety under Vehumet
  1203 | D        | Learned a level 5 spell: Lee's Rapid Deconstruction
  1540 | D        | Demolished by a tyrant leech

Illustrated notes

Levels and vault maps discovered:
D:        pitsprint [storerooms_1, entrance_room_1, metal_vault_3, armoury_2,
          mini_pit_1, grid_room_1, main_hall_1, silver_pit, the_coven_1,
          the_vestibule_1, steel_vault_2, golden_pit, hallway_of_sentries,
          crystal_vault_3, iron_vault_2, final_vault]

Skill      XL: |  1  2  3  4  5  6  7 |
---------------+----------------------+-----
Dodging        | 2 3 |  3.6
Earth Magic    | 5 8 10 12 | 12.9
Stealth        | 3 |  3.9
Spellcasting   | 4 5 6 8 9 |  9.1
Fighting       | 1 2 |  2.2
Conjurations   | 1 2 |  2.1
Transmutations | 1 |  1.0

Action                   |  1- 3 |  4- 6 |  7- 9 || total
-------------------------+-------+-------+-------++-------
Melee: Quarterstaff      |       |       |     5 ||     5
 Cast: Sandblast         |     8 |    31 |       ||    39
       Stone Arrow       |       |     7 |     9 ||    16
  Use: Potion            |     3 |       |       ||     3
       Scroll            |       |       |     1 ||     1
Armor: Robe              |     2 |    11 |       ||    13
Dodge: Dodged            |       |    10 |       ||    10

Table legend: (Time is in decaauts)
 A = Elapsed time spent in this place.
 B = Non-inter-level travel time spent in this place.
 C = Inter-level travel time spent in this place.
 D = Time resting spent in this place.
 E = Time spent auto-exploring this place.
 F = Levels seen in this place.
 G = Mean time per level.
                   A        B        C        D        E       F      G
               +--------+--------+--------+--------+--------+-----+--------+
         Total |   1558 |   1558 |      0 |   1084 |     57 |   1 | 1558.0 |
       Dungeon |   1558 |   1558 |      0 |   1084 |     57 |   1 | 1558.0 |
               +--------+--------+--------+--------+--------+-----+--------+

Top non-repeatable levels by time:
       D: 1558 daAuts
